 Dungeon Crawl Stone Soup version 0.23-a0-554-gd3cbc84 (console) character file.

357 Duffy the Conjurer (level 6, -3/49 HPs)
             Began as a Naga Fire Elementalist on Dec 10, 2018.
             Slain by a howler monkey (6 damage)
             ... on level 5 of the Dungeon.
             The game lasted 00:04:18 (2037 turns).

Duffy the Conjurer (Naga Fire Elementalist)         Turns: 2037, Time: 00:04:19

Health: -3/49      AC:  4    Str: 10    XL:     6   Next: 64%
Magic:  6/10       EV: 10    Int: 18    God:
Gold:   283        SH:  0    Dex: 11    Spells: 2/10 levels left

rFire    . . .     SeeInvis +   b - +0 short sword (venom)
rCold    . . .     Gourm    .   (no shield)
rNeg     . . .     Faith    .   a - +0 robe
rPois    +         Spirit   .   s - +0 helmet
rElec    .         Reflect  .   (no cloak)
rCorr    .         Harm     .   (no gloves)
MR       .....                  (no barding)
Stlth    ++........             (no amulet)
HPRegen  0.16/turn              (no ring)
MPRegen  0.12/turn              (no ring)

@: very slow
A: large, see invisible, deformed body, poison resistance, slowness 2, slow
metabolism 1, spit poison 1, AC +2
a: Spit Poison


You were on level 5 of the Dungeon.
You were not hungry.

You visited 1 branch of the dungeon, and saw 5 of its levels.
You also visited: Ossuary.

You collected 283 gold pieces.

Inventory:

Hand Weapons
 b - a +0 short sword of venom (weapon)
Armour
 a - a +0 robe (worn)
 s - a +0 helmet (worn)
Scrolls
 d - 6 scrolls of remove curse {unknown}
 h - a scroll of immolation {unknown}
 i - a scroll of fear {unknown}
 j - 2 scrolls of teleportation {unknown}
 m - 2 scrolls of blinking {unknown}
 o - a scroll of amnesia {unknown}
Potions
 e - a potion of berserk rage {unknown}
 f - a potion of flight {unknown}
 g - 2 potions of heal wounds {unknown}
 k - a potion of mutation {unknown}
 l - a potion of haste {unknown}
 n - a potion of resistance {unknown}
 p - a potion of degeneration {unknown}
 q - a potion of invisibility {unknown}
Comestibles
 c - 4 rations
 r - 4 chunks of flesh


   Skills:
 - Level 1.5 Dodging
 - Level 3.0 Stealth
 + Level 2.8 Spellcasting
 * Level 5.1 Conjurations
 * Level 4.4 Fire Magic


You had 2 spell levels left.
You knew the following spells:

 Your Spells              Type           Power        Failure   Level  Hunger
h - Flame Tongue          Conj/Fire      ###..        2%          1    None
j - Sticky Flame          Conj/Fire      ###.....     22%         4    ####...
l - Conjure Flame         Conj/Fire      ###.....     7%          3    ###....

Your spell library contained the following spells:

 Spells                   Type           Power        Failure   Level  Hunger
 Throw Flame              Conj/Fire      ###...       3%          2    ##.....
 Inner Flame              Hex/Fire       ##......     21%         3    ###....
 Fireball                 Conj/Fire      ###.......   54%         5    ######.


Dungeon Overview and Level Annotations

Branches:
Dungeon (5/15)
 Temple: D:4-7

Altars:
Uskayaw
Xom


Innate Abilities, Weirdness & Mutations

You cannot wear boots.
Your serpentine skin is tough. (AC +2)
You have supernaturally acute eyesight. (SInv)
Armour fits poorly on your strangely shaped body.
Your system is resistant to poisons. (rPois)
You cover ground very slowly.
You have a slow metabolism.
You can spit poison.


Message History

You closely miss the howler monkey.
The howler monkey is lightly wounded.
The howler monkey hits you.
You barely miss the howler monkey.
The howler monkey is lightly wounded.
The howler monkey misses you.
A giant cockroach comes into view.
You hit the howler monkey but do no damage.
The howler monkey looks even sicker.
The howler monkey is lightly wounded.
The howler monkey hits you. x2
Casting: Sticky Flame (slightly dangerous; 22% risk of failure)
Confirm with . or Enter, or press ? or * to list all spells.
Aiming: Flame Tongue (safe; 2% risk of failure)
Press: ? - help, Shift-Dir - straight line, f - howler monkey
Aim: a howler monkey (lightly wounded, poisoned)
The flame tongue hits the howler monkey.
The howler monkey is heavily wounded.
The howler monkey hits you.
You die...

.### #.##...#...##.
#....# #.##..........
..#...####<##...#...#..
.............### ..#
##.).........8# .8#
..........####........
####s..### .#### ##
#######..)# #
#.......(@# #.######h.#
#.######..##
#..........# #
#.#.#.##...###.#.#
##......[....#
##....###...#
##...###...#
#..........#


You could see a howler monkey and a giant cockroach.

Vanquished Creatures
  A scorpion (D:4)
  A bullfrog skeleton (D:5)
  2 orc wizards
  Terence (D:3)
  A worker ant (D:3)
  A big kobold zombie (Ossuary)
  8 mummies (Ossuary)
  2 adders
  4 leopard geckos
  8 orcs
  A giant cockroach (D:2)
  A goblin (D:1)
  A bat (D:3)
  A frilled lizard (D:3)
  2 gnoll zombies (Ossuary)
  4 kobold zombies (Ossuary)
  An orc zombie (Ossuary)
  4 rats
44 creatures vanquished.

Vanquished Creatures (others)
  An ooze (D:4)
  2 orcs (D:4)
  A quokka (D:4)
  A frilled lizard (D:4)
5 creatures vanquished.

Grand Total: 49 creatures vanquished

Notes
Turn   | Place    | Note
-------+----------+-------------------------------------------
     0 | D:1      | Duffy the Naga Fire Elementalist began the quest for the
                  | Orb.
     0 | D:1      | Reached XP level 1. HP: 15/15 MP: 3/3
   309 | D:3      | Reached skill level 2 in Conjurations
   309 | D:3      | Reached XP level 2. HP: 22/22 MP: 5/5
   575 | D:4      | Noticed a scorpion
   580 | D:4      | Killed a scorpion
   580 | D:4      | Reached skill level 3 in Conjurations
   580 | D:4      | Reached XP level 3. HP: 28/28 MP: 4/6
   580 | D:4      | Reached XP level 4. HP: 36/36 MP: 4/7
   614 | D:4      | Learned a level 3 spell: Conjure Flame
   671 | D:4      | Noticed an orc warrior
   701 | D:2      | Noticed Terence
   781 | D:3      | Killed Terence
   781 | D:3      | Reached skill level 4 in Conjurations
  1026 | D:4      | Found a hide-covered altar of Uskayaw.
  1042 | D:5      | Entered Level 5 of the Dungeon
  1043 | D:5      | Found a sand-covered staircase.
  1049 | Ossuary  | Entered an ossuary
  1068 | Ossuary  | Reached XP level 5. HP: 31/42 MP: 0/8
  1467 | Ossuary  | Reached XP level 6. HP: 49/49 MP: 5/9
  1680 | Ossuary  | Learned a level 4 spell: Sticky Flame
  1805 | D:4      | Found a shimmering altar of Xom.
  2027 | D:4      | Reached skill level 5 in Conjurations
  2036 | D:5      | HP: 2/49 [howler monkey (5)]
  2037 | D:5      | Slain by a howler monkey

Vault maps used:
D:1:      giann_bridges, minmay_misc_feat_secret_circle
D:2:      fedhas_altar_1, minitemple, uniq_terence, uniq_sigmund, uniq_jessica
D:3:      kiku_gazebo_garden_becter, first_ration
D:4:      xom_confusion_cloud, marbit_many_paths, lemuel_doored_altar,
          minmay_temple_entry_fiery
D:5:      vehumet_statue, overflow_temple_1_default, led_sif_book, basic_altar,
          gup_sewer_entry_bowl, lightli_ossuary_entry_decrepit_ruins,
          st_stairs_9, uniq_crazy_yiuf_cottage, uniq_prince_ribbit1
Ossuary:  ossuary_tomb_3

Skill      XL: |  1  2  3  4  5  6 |
---------------+-------------------+-----
Conjurations   | 2 3 4 5 |  5.1
Fire Magic     | 4 |  4.4
Dodging        | |  1.5
Stealth        | |  3.0
Spellcasting   | |  2.8

Action                   |  1- 3 |  4- 6 || total
-------------------------+-------+-------++-------
Melee: Short sword       |       |    62 ||    62
 Cast: Flame Tongue      |     8 |    49 ||    57
       Conjure Flame     |       |     3 ||     3
       Sticky Flame      |       |     1 ||     1
 Abil: Spit Poison       |    10 |     7 ||    17
  Eat: Chunk             |       |     1 ||     1
       Ration            |       |     1 ||     1
Armor: Robe              |       |    12 ||    12
Dodge: Dodged            |       |    52 ||    52

Table legend:
 A = Non-vault XP
 B = Vault XP
 C = Vault XP percentage of total XP
 D = Non-vault monster count
 E = Vault monster count
 F = Vault count percentage of total count
                 A         B        C        D         E       F
            +---------+---------+-------+---------+---------+-------
      Total |     237 |     273 |  53.5 |      23 |      21 |  47.7
            +---------+---------+-------+---------+---------+-------
        D:1 |       6 |       0 |   0.0 |       3 |       0 |   0.0
        D:2 |       2 |       0 |   0.0 |       1 |       0 |   0.0
        D:3 |      42 |      36 |  46.2 |       7 |       1 |  12.5
        D:4 |      85 |      62 |  42.2 |       7 |       4 |  36.4
        D:5 |     102 |       0 |   0.0 |       5 |       0 |   0.0
    Ossuary |       0 |     175 | 100.0 |       0 |      16 | 100.0
            +---------+---------+-------+---------+---------+-------
